 Dungeon Crawl Stone Soup version 0.26.1-11-gd32895ea62 (webtiles) character file.

Game seed: 7837975922224946270

104 ABBCCCDDDD the Insei (level 4, -4/31 HPs)
             Began as an Octopode Gladiator on July 8, 2021.
             Slain by Crazy Yiuf
             ... wielding a +2 quarterstaff of chaos
              (7 damage)
             ... on level 2 of the Dungeon.
             The game lasted 00:01:46 (1811 turns).

ABBCCCDDDD the Insei (Octopode Gladiator)           Turns: 1811, Time: 00:01:49

Health: -4/31      AC:  1    Str: 13    XL:     4   Next: 80%
Magic:  10/13      EV: 14    Int: 11    God:
Gold:   83         SH:  0    Dex: 13    Spells: 3/3 levels left

rFire    . . .     SeeInvis .     - Unarmed
rCold    . . .     Faith    .   (no shield)
rNeg     . . .     Spirit   .   a - +0 hat
rPois    .         Reflect  .   (no amulet)
rElec    .         Harm     .   e - ring of magical power
rCorr    .         Rampage  .   (no ring)
Will     .....                  (no ring)
Stlth    ++........             (no ring)
HPRegen  0.10/turn              (no ring)
MPRegen  0.13/turn              (no ring)
                                (no ring)
                                (no ring)

@: lethally poisoned (-4 -> -11), invisible
A: almost no armour, stealthy swim, amphibious, 8 rings, constrict 8, camouflage
1, gelatinous body 1
a: no special abilities


You were on level 2 of the Dungeon.
You visited 1 branch of the dungeon, and saw 2 of its levels.

You collected 83 gold pieces.

Inventory:

Missiles
 b - 3 throwing nets (quivered)
 g - 65 stones
 n - 6 javelins
Armour
 a - a +0 hat (worn)
 m - a +0 buckler
Jewellery
 e - a ring of magical power (left tentacle)
Scrolls
 c - a scroll of random uselessness {unknown}
 d - 2 scrolls of remove curse {unknown}
 i - 2 scrolls of enchant armour {unknown}
 j - 2 scrolls of identify {unknown}
 l - a scroll of teleportation {unknown}
Potions
 f - a potion of curing {unknown}
 h - a potion of resistance {unknown}
 k - a potion of invisibility
 o - a potion of lignification {unknown}
 p - a potion of magic {unknown}
 q - 2 potions of might {unknown}


   Skills:
 - Level 3.0 Fighting
 - Level 2.0 Throwing
 - Level 3.0 Dodging
 * Level 1.4 Shields
 * Level 4.5 Unarmed Combat


You had 3 spell levels left.
You didn't know any spells.
Your spell library was empty.

Dungeon Overview and Level Annotations

Branches:
Dungeon (2/15)

Altars:

Annotations:
D:2 Crazy Yiuf


Innate Abilities, Weirdness & Mutations

You cannot wear most types of armour.
You are very stealthy in the water. (Stealth+)
You are amphibious.
You can wear up to eight rings at the same time.
You can use your tentacles to constrict eight enemies at once.
Your skin changes colour to match your surroundings (Stealth+).
Your rubbery body absorbs attacks. (AC +1, EV +1)


Message History

You constrict Crazy Yiuf.
Crazy Yiuf hits you with a +2 quarterstaff of chaos.
You are poisoned.
You barely miss Crazy Yiuf.
Crazy Yiuf is moderately wounded.
You constrict Crazy Yiuf, but do no damage.
You feel sick. Crazy Yiuf barely misses you.
You tentacle-slap Crazy Yiuf.
Crazy Yiuf is severely wounded.
You constrict Crazy Yiuf.
You feel sick.
Crazy Yiuf grits, "Earwax Hive ladder!"
Crazy Yiuf hits you with a +2 quarterstaff of chaos!
* * * LOW HITPOINT WARNING * * *
It was a potion of invisibility.
You fade into invisibility!
You constrict Crazy Yiuf.
* * * LOW HITPOINT WARNING * * *
You feel sick.
Crazy Yiuf hits you with a +2 quarterstaff of chaos!
You die...

#..<#.#....# #....#
######.#....#
#....#
.......#.####
#....# .#########
###### .# )#
.######♣♣ #####
........♣♣ ♣♣#..)#
.##......♣♣♣♣.'.@g#
####......♣..♣#...#
##....♣.♣♣♣#####
###♣♣♣♣♣ ### #.#
########.#
.........#


You could see Crazy Yiuf.

Vanquished Creatures
  Natasha (D:2)
  3 adders (D:2)
  A worm (D:2)
  2 dart slugs (D:1)
  4 leopard geckos
  A ball python (D:1)
  4 goblins
  8 hobgoblins
  6 kobolds
  6 bats
  4 frilled lizards
  4 rats
44 creatures vanquished.

Notes
Turn   | Place    | Note
-------+----------+-------------------------------------------
     0 | D:1      | ABBCCCDDDD the Octopode Gladiator began the quest for the
                  | Orb.
     0 | D:1      | Reached XP level 1. HP: 14/14 MP: 1/1
    41 | D:1      | Reached XP level 2. HP: 19/19 MP: 2/2
   479 | D:1      | Reached XP level 3. HP: 17/25 MP: 3/3
   945 | D:2      | Reached skill level 4 in Unarmed Combat
  1223 | D:2      | Reached XP level 4. HP: 30/30 MP: 4/4
  1541 | D:2      | Noticed Natasha
  1546 | D:2      | Killed Natasha
  1547 | D:2      | Reached skill level 1 in Shields
  1702 | D:2      | Found a runed translucent door.
  1703 | D:2      | Noticed Crazy Yiuf
  1811 | D:2      | Slain by Crazy Yiuf

Illustrated notes

Levels and vault maps discovered:
D:1:      amcnicky_arrival_single_pillar, layout_basic
D:2:      layout_basic, uniq_natasha, uniq_crazy_yiuf_cottage

Skill      XL: |  1  2  3  4 |
---------------+-------------+-----
Unarmed Combat | 4 |  4.5
Shields        | 1 |  1.4
Fighting       | 3 |  3.0
Throwing       | |  2.0
Dodging        | |  3.0

Action                   |  1- 3 |  4- 6 || total
-------------------------+-------+-------++-------
Melee: Unarmed           |    63 |    26 ||    89
       Constrict         |    24 |     7 ||    31
       Tentacles         |    10 |     4 ||    14
       Punch             |     3 |       ||     3
  Use: Potion            |       |     1 ||     1
 Stab: Sleeping          |     5 |     3 ||     8
Armor: Skin              |     6 |       ||     6
Dodge: Dodged            |    46 |    13 ||    59
